 Dungeon Crawl Stone Soup version 0.29.0-11-gd7f09526c8 (webtiles) character file.

Game seed: 11226067185526947366

334 keekatzer the Ruffian (level 6, 0/55 HPs)
             Began as a Troll Transmuter on Sept 6, 2022.
             Slain by an iguana (13 damage)
             ... on level 4 of the Dungeon.
             The game lasted 00:10:26 (1832 turns).

keekatzer the Ruffian (Troll Transmuter)            Turns: 1832, Time: 00:10:27

Health: 0/55       AC:  1    Str: 19    XL:     6   Next: 27%
Magic:  5/8        EV: 10    Int:  9    God:
Gold:   202        SH:  0    Dex: 12    Spells: 6/9 levels left

rFire   . . .      SeeInvis +     - Unarmed
rCold   . . .      Faith    .   (no shield)
rNeg    . . .      Spirit   .   a - +0 robe
rPois   .          Reflect  .   (helmet restricted)
rElec   .          Harm     .   e - +0 cloak
rCorr   .          Rampage  .   (gloves unavailable)
Will    .....                   (boots unavailable)
Stlth   +.........              (no amulet)
HPRegen 0.98/turn               j - ring of see invisible
MPRegen 0.11/turn               (no ring)

@: corroded
A: large, unfitting armour, claws 3, regeneration 1, shaggy fur 1, tough skin 1
a: no special abilities


You were on level 4 of the Dungeon.
You visited 1 branch of the dungeon, and saw 4 of its levels.

You collected 202 gold pieces.

Inventory:

Armour
 a - a +0 robe (worn)
 e - a +0 cloak (worn)
Magical Staves
 l - a staff of poison
 q - a staff of earth
Jewellery
 j - a ring of see invisible (left claw)
Scrolls
 c - a scroll of fear {unknown}
 d - 2 scrolls of amnesia {unknown}
 f - 2 scrolls of butterflies {unknown}
 g - a scroll of teleportation {unknown}
Potions
 b - a potion of lignification
 h - a potion of mutation {unknown}
 i - a potion of experience {unknown}
 k - a potion of invisibility {unknown}
 m - 2 potions of attraction {unknown}
 n - a potion of heal wounds {unknown}
 o - a potion of curing {unknown}
 p - a potion of might {unknown}


   Skills:
 + Level 1.0 Fighting
 + Level 2.2 Dodging
 + Level 0.2 Stealth
 + Level 4.9 Unarmed Combat
 * Level 2.1 Spellcasting
 * Level 2.2 Transmutations
 * Level 1.5 Ice Magic


You had 6 spell levels left.
You knew the following spells:

 Your Spells              Type           Power      Damage    Failure   Level
a - Beastly Appendage     Tmut           8%         N/A       14%         1
b - Wereblood             Tmut           4%         N/A       21%         2

Your spell library contained the following spells:

 Spells                   Type           Power      Damage    Failure   Level
 Shock                    Conj/Air       0%         1d3       32%         1
 Spider Form              Tmut/Pois      2%         N/A       54%         3
 Swiftness                Air            0%         N/A       69%         3
 Ice Form                 Ice/Tmut       4%         N/A       83%         4
 Airstrike                Air            0%         2d(0-16)  97%         4


Dungeon Overview and Level Annotations

Branches:
Dungeon (4/15)
 Temple: D:4-7

Altars:
Makhleb
Sif Muna
Xom
Zin

Shops:
D:1 [


Innate Abilities, Weirdness & Mutations

You are too large for most types of armour.
You have claws for hands.
Your natural rate of healing is unusually fast.
You are covered in fur. (AC +1)
You have tough skin. (AC +1)


Message History

You destroy Menkaure!
Your Fighting skill increases to level 1!
Your Spellcasting skill increases to level 2!
Your Transmutations skill increases to level 2!
You have reached level 6!
You feel stronger.
You open the door.
A jelly comes into view.
The jelly quivers.
You scratch the jelly.
Your claws burn!
You claw the jelly!
The jelly is heavily wounded.
The jelly hits you.
You are splashed with acid.
You scratch the jelly. The acid corrodes you!
Your claws burn!
You claw the jelly. You headbutt the jelly.
You feel a bit better.
You kill the jelly!
There is an open door here.
Your horns disappear.
Your talons disappear.
You open the door.
There is an open door here.
Your primal bloodlust is almost over.
You open the door.
An iguana comes into view.
The iguana hisses angrily.
The iguana bites you!
There is an open door, spattered with blood here.
You closely miss the iguana. Your claw misses the iguana. The iguana bites you!
You closely miss the iguana.
The iguana bites you but does no damage.
You closely miss the iguana. The iguana bites you!
You barely miss the iguana.
Your primal bloodlust has ended.
The iguana closely misses you.
You barely miss the iguana. The iguana misses you.
You barely miss the iguana. The iguana barely misses you.
You scratch the iguana but do no damage.
The iguana bites you!
* * * LOW HITPOINT WARNING * * *
You scratch the iguana but do no damage.
The iguana bites you!
You die...

#....)..')....###.#
#.#.#
.....)..#.).....#.###.#
####....####....#.....#
#<...# ##....#.....#
#.......###..#######..#+
#.###...##..##.....##...
# #...##..#..._...#.....
#...##..#.......#......
#######'#'##@##+#......
###'#.##l# ......
#...#'##+##+
#............
#............
#............
#.....#####.# #.....# #
#......


You could see an iguana.

Vanquished Creatures
  Menkaure (D:4)
  A jelly (D:4)
  A gnoll bouda (D:4)
  4 adders (D:3)
  3 gnolls (D:4)
  A worm (D:3)
  2 dart slugs (D:3)
  4 orcs (D:3)
  9 endoplasms
  7 giant cockroaches
  6 goblins
  4 hobgoblins
  9 jackals
  4 kobolds
  3 quokkas
  6 ball pythons
  8 bats
  A frilled lizard (D:2)
  4 rats
78 creatures vanquished.

Vanquished Creatures (others)
  A plant (D:2)
1 creature vanquished.

Grand Total: 79 creatures vanquished

Notes
Turn   | Place    | Note
-------+----------+-------------------------------------------
     0 | D:1      | keekatzer the Troll Transmuter began the quest for the Orb.
     0 | D:1      | Reached XP level 1. HP: 18/18 MP: 1/1
    39 | D:1      | Found Optuet's Antique Armour Boutique.
   151 | D:1      | Reached XP level 2. HP: 20/26 MP: 3/3
   577 | D:2      | Reached XP level 3. HP: 32/32 MP: 4/4
   636 | D:2      | Found a faded altar of an unknown god.
   665 | D:2      | Found a burning altar of Makhleb.
   774 | D:2      | Learned a level 2 spell: Wereblood
  1249 | D:3      | Reached XP level 4. HP: 40/40 MP: 1/5
  1343 | D:3      | Reached skill level 4 in Unarmed Combat
  1597 | D:3      | Found a burning altar of Makhleb.
  1597 | D:3      | Found a shimmering blue altar of Sif Muna.
  1600 | D:3      | Reached skill level 1 in Ice Magic
  1691 | D:4      | Found a glowing silver altar of Zin.
  1714 | D:4      | Reached XP level 5. HP: 46/46 MP: 4/6
  1718 | D:4      | Found a shimmering altar of Xom.
  1802 | D:4      | Noticed Menkaure
  1813 | D:4      | Killed Menkaure
  1814 | D:4      | Reached skill level 1 in Fighting
  1814 | D:4      | Reached XP level 6. HP: 52/55 MP: 3/8
  1832 | D:4      | Slain by an iguana

Illustrated notes

Levels and vault maps discovered:
D:1:      dpeg_arrival_shrine, layout_loops_cross, serial_shops, shop_statue,
          serial_rivers, chequers_serial_rivers_micro_c,
          chequers_serial_rivers_room_a, chequers_serial_rivers_small_b,
          chequers_serial_rivers_micro_d
D:2:      layout_rooms, basic_altar, basic_ecumenical_altar, kennysheep_path_1,
          serial_bayou_pond_a
D:3:      layout_basic, jmf_multi_god_temple, minmay_unequal
D:4:      layout_basic, dk_xom_monty_hall, mainiacjoe_overflow_cross_hatched,
          serial_glass, glass_columns_a, glass_columns_a, feat_on_display,
          feat_on_display, uniq_menkaure

Skill      XL: |  1  2  3  4  5 |
---------------+----------------+-----
Dodging        | 2 |  2.2
Unarmed Combat | 4 |  4.9
Ice Magic      | 1 |  1.5
Fighting       | 1 |  1.0
Spellcasting   | 2 |  2.1
Transmutations | 2 |  2.2
Stealth        | |  0.2

Action                   |  1- 3 |  4- 6 || total
-------------------------+-------+-------++-------
Melee: Unarmed           |   121 |    61 ||   182
       Kick              |     2 |     5 ||     7
       Punch             |     2 |     1 ||     3
       Headbutt          |     2 |     3 ||     5
 Cast: Beastly Appendage |     6 |     3 ||     9
       Wereblood         |       |     3 ||     3
Armor: Robe              |    36 |    11 ||    47
Dodge: Dodged            |    68 |    23 ||    91
